 Dungeon Crawl Stone Soup version 0.23.1-42-g8abd8fc (webtiles) character file.

Game seed: 4176541497959068430

172 Borgoz the Cutter (level 5, -3/31 HPs)
             Began as a Gargoyle Gladiator on Mar 30, 2019.
             Killed by divine providence
             ... invoked by an orc priest
              (13 damage)
             ... on level 3 of the Dungeon.
             The game lasted 00:04:08 (2318 turns).

Borgoz the Cutter (Gargoyle Gladiator)              Turns: 2318, Time: 00:04:09

Health: -3/31      AC:  9    Str: 18    XL:     5   Next: 53%
Magic:  5/5        EV: 13    Int: 11    God:
Gold:   75         SH:  0    Dex: 12    Spells: 4/4 levels left

rFire    . . .     SeeInvis .   a - +0 rapier
rCold    . . .     Gourm    .   (no shield)
rNeg     + . .     Faith    .   b - +0 leather armour
rPois    ∞         Spirit   .   q - +1 helmet {Int+3}
rElec    +         Reflect  .   (no cloak)
rCorr    .         Harm     .   (no gloves)
MR       .....                  (no boots)
Stlth    ++........             (no amulet)
HPRegen  0.10/turn              (no ring)
MPRegen  0.09/turn              (no ring)

@: no status effects
A: negative energy resistance 1, electricity resistance, unbreathing,
petrification resistance, rot immunity, AC +4
a: no special abilities


You were on level 3 of the Dungeon.
You were not hungry.

You visited 1 branch of the dungeon, and saw 3 of its levels.

You collected 75 gold pieces.

Inventory:

Hand Weapons
 a - a +0 rapier (weapon)
Armour
 b - a +0 leather armour (worn)
 q - a +1 helmet of intelligence (worn)
Scrolls
 e - a scroll of magic mapping {unknown}
 i - a scroll of identify {unknown}
 k - 3 scrolls of teleportation {unknown}
 l - a scroll of remove curse {unknown}
 o - a scroll of fear {unknown}
 p - 2 scrolls of enchant armour {unknown}
 r - a scroll of random uselessness {unknown}
Comestibles
 f - 6 rations


   Skills:
 + Level 2.6 Fighting
 * Level 3.6 Short Blades
 + Level 2.2 Throwing
 * Level 2.1 Armour
 * Level 3.3 Dodging
 + Level 1.8 Stealth


You had 4 spell levels left.
You didn't know any spells.
Your spell library was empty.

Dungeon Overview and Level Annotations

Branches:
Dungeon (3/15)

Altars:
Xom


Innate Abilities, Weirdness & Mutations

You are resistant to torment.
Your stone body is resilient. (AC +4)
You are immune to poison.
You resist negative energy. (rN+)
You are resistant to electric shocks. (rElec)
You can survive without breathing.
You are immune to petrification.
You are immune to rotting.


Message History

Throwing (i - inventory)
d - 3 throwing nets (quivered)
Press: ? - help, Shift-Dir - straight line, f - orc priest
Aim: an orc priest, wielding a +0 trident You throw a throwing net.
The throwing net barely misses the orc priest.
The orc priest closely misses you.
Throwing (i - inventory)
d - 2 throwing nets (quivered)
Press: ? - help, Shift-Dir - straight line, f/p - orc priest
Aim: an orc priest, wielding a +0 trident You throw a throwing net.
The throwing net completely misses the orc priest.
The orc priest barely misses you.
Throwing (i - inventory)
d - a throwing net (quivered)
Press: ? - help, Shift-Dir - straight line, f/p - orc priest
Aim: an orc priest, wielding a +0 trident You throw a throwing net.
The throwing net hits the orc priest.
The orc priest is caught in the net!
The orc priest invokes the aid of Beogh against you.
Beogh smites you!
You die...

######### # #..##...#
.# #..##...# ..#
#.###..># ########...#
#.# #...###.....@o{.(#
..###...#...######...#
..........### .!#
.####..<.## .# .#
#.[..# # †# #....#
.###.......
.....#####.. ..#######
>.


You could see an orc priest (caught).

Vanquished Creatures
  Terence (D:2)
  An orc wizard (D:3)
  Robin (D:2)
  5 adders (D:2)
  3 worms
  2 dart slugs
  A leopard gecko (D:2)
  An orc (D:3)
  5 giant cockroaches
  13 goblins
  7 hobgoblins
  A jackal (D:1)
  3 bats
  A frilled lizard (D:1)
  3 kobolds
  3 rats
51 creatures vanquished.

Notes
Turn   | Place    | Note
-------+----------+-------------------------------------------
     0 | D:1      | Borgoz the Gargoyle Gladiator began the quest for the Orb.
     0 | D:1      | Reached XP level 1. HP: 12/12 MP: 1/1
   429 | D:1      | Reached XP level 2. HP: 17/17 MP: 2/2
   871 | D:2      | Reached XP level 3. HP: 21/21 MP: 3/3
   956 | D:2      | Reached skill level 1 in Armour
   956 | D:2      | Reached skill level 1 in Stealth
   998 | D:2      | Reached XP level 4. HP: 16/27 MP: 4/4
  1166 | D:2      | Found a shimmering altar of Xom.
  1482 | D:2      | Noticed Robin
  1526 | D:2      | Killed Robin
  1862 | D:2      | Noticed Terence
  1880 | D:2      | Killed Terence
  1880 | D:2      | Reached XP level 5. HP: 28/31 MP: 5/5
  2318 | D:3      | Killed from afar by an orc priest

Skill      XL: |  1  2  3  4  5 |
---------------+----------------+-----
Short Blades   | 3 |  3.6
Armour         | 1 2 |  2.1
Stealth        | 1 |  1.8
Throwing       | 2 |  2.2
Dodging        | 3 |  3.3
Fighting       | |  2.6

Action                   |  1- 3 |  4- 6 || total
-------------------------+-------+-------++-------
Melee: Rapier            |    77 |   122 ||   199
       Club              |       |     6 ||     6
Throw: Throwing net      |       |     5 ||     5
  Use: Potion            |       |     6 ||     6
 Stab: Sleeping          |     1 |     2 ||     3
  Eat: Chunk             |       |     5 ||     5
Armor: Leather armour    |    32 |    44 ||    76
       Skin              |       |    19 ||    19
Dodge: Dodged            |    66 |    75 ||   141
